 Dungeon Crawl Stone Soup version 0.27-a0-1149-g4505690ab0 (webtiles) character file.

Game seed: 4656087092135320144

5118 SmokeWeed the Unseen (level 10, -2/63 HPs)
             Began as an Octopode Venom Mage on May 13, 2021.
             Was an Initiate of Gozag.
             Slain by an ice beast (9 damage)
             ... on level 7 of the Dungeon.
             The game lasted 00:34:56 (9843 turns).

SmokeWeed the Unseen (Octopode Venom Mage)          Turns: 9843, Time: 00:34:57

Health: -2/63      AC:  1    Str:  8    XL:     10   Next: 58%
Magic:  18/18      EV: 14    Int: 20    God:    Gozag
Gold:   329        SH:  5    Dex: 13    Spells: 4/19 levels left

rFire    . . .     SeeInvis +   d - +3 dagger (venom)
rCold    . . .     Faith    .   (no shield)
rNeg     . . .     Spirit   .   (helmet restricted)
rPois    .         Reflect  +   c - amulet of reflection
rElec    .         Harm     .   o - ring of see invisible
rCorr    .         Rampage  .   (no ring)
Will     .....                  (no ring)
Stlth    +++++++...             (no ring)
HPRegen  0.20/turn              (no ring)
MPRegen  0.16/turn              (no ring)
                                (no ring)
                                (no ring)

@: mighty
A: almost no armour, amphibious, 8 rings, camouflage 1, gelatinous body 1,
(nimble swimmer 1), tentacles
a: Renounce Religion, Potion Petition, Call Merchant, Bribe Branch


You were on level 7 of the Dungeon.
You worshipped Gozag.
Gozag was aware of your devotion.
You visited 2 branches of the dungeon, and saw 9 of its levels.

You collected 420 gold pieces.
You paid 91 gold pieces to Gozag.

Inventory:

Hand Weapons
 d - a +3 dagger of venom (weapon)
 e - a +0 falchion of protection
 q - a +2 falchion of holy wrath
 t - a +0 rapier
 u - a +1 scimitar of flaming
Missiles
 m - 13 boomerangs
 v - a throwing net (quivered)
Magical Staves
 p - a staff of cold
Jewellery
 c - an amulet of reflection (around mantle)
 f - an amulet of magic regeneration
 h - an amulet of regeneration
 o - a ring of see invisible (left tentacle)
Wands
 i - a wand of iceblast (5)
 r - a wand of digging (4)
Scrolls
 k - 2 scrolls of identify
 n - 2 scrolls of enchant armour
 s - a scroll of amnesia
Potions
 a - 4 potions of flight
 b - a potion of might
 g - 4 potions of curing
 j - a potion of berserk rage
 l - a potion of lignification


   Skills:
 - Level 3.8 Fighting
 - Level 4.2 Short Blades
 + Level 4.4 Dodging
 - Level 17.2 Stealth
 * Level 5.4 Spellcasting
 + Level 2.4 Conjurations
 + Level 1.4 Transmutations
 + Level 1.2 Fire Magic
 + Level 3.1 Air Magic
 + Level 5.5 Poison Magic


You had 4 spell levels left.
You knew the following spells:

 Your Spells              Type           Power      Damage    Failure   Level
a - Sting                 Tmut/Pois      76%        1d6       2%          1
b - Poisonous Vapours     Pois/Air       44%        N/A       2%          2
c - Ignite Poison         Fire/Tmut/Pois 16%        N/A       11%         3
d - Mephitic Cloud        Conj/Pois/Air  20%        N/A       7%          3
e - Olgreb's Toxic Radia  Pois           27%        N/A       11%         4
f - Searing Ray           Conj           30%        3d4       6%          2

Your spell library contained the following spells:

 Spells                   Type           Power      Damage    Failure   Level
 Magic Dart               Conj           60%        1d6       4%          1
 Dazzling Flash           Conj/Hex       20%        N/A       21%         3
 Fulminant Prism          Conj/Hex       5%         3d7       54%         4
 Iskenderun's Mystic Bla  Conj/Tloc      10%        2d4       54%         4
 Iskenderun's Battlesphe  Conj           15%        2d7       73%         5
 Bolt of Magma            Conj/Fire/Erth 5%         4d5       88%         5
 Iron Shot                Conj/Erth      5%         9d2       100%        6
 Orb of Destruction       Conj           7%         9d3       100%        7
 Spellforged Servitor     Conj/Summ      5%         N/A       100%        7


Dungeon Overview and Level Annotations

Branches:
Dungeon (8/15)             Temple (1/1) D:7
   Lair: D:8-11

Altars:
Cheibriados
Elyvilon
Fedhas
Gozag
Hepliaklqana
Kikubaaqudgha
Makhleb
Nemelex Xobeh
Qazlal
Ru
Sif Muna
Trog
Wu Jian
Xom
Yredelemnul
Zin
The Shining One

Shops:
D:1 *   D:2 *

Annotations:
D:2 Crazy Yiuf
D:6 2 transporters, Grognak's ghost, novice MiCK


Innate Abilities, Weirdness & Mutations

You cannot wear most types of armour.
You are amphibious.
You can wear up to eight rings at the same time.
Your skin changes colour to match your surroundings (Stealth+).
Your rubbery body absorbs attacks. (AC +1, EV +1)
((You are camouflaged near water. (Stealth+)))
You have tentacles for arms and can constrict up to eight enemies at once.


Message History

The ice beast freezes you!
You hit the ice beast but do no damage.
The ice beast is poisoned.
You closely miss the ice beast. The ice beast hits you.
The ice beast freezes you!
There is an open door here.
Casting: Mephitic Cloud (dangerous; 7% risk of failure)
Confirm with . or Enter, or press ? or * to list all spells.
You can't see any susceptible monsters within range! (Use Z to cast anyway.)
Casting: Mephitic Cloud (dangerous; 7% risk of failure)
Confirm with . or Enter, or press ? or * to list all spells.
You can't see any susceptible monsters within range! (Use Z to cast anyway.)
Casting: Mephitic Cloud (dangerous; 7% risk of failure)
Confirm with . or Enter, or press ? or * to list all spells.
Aiming: Mephitic Cloud (dangerous; 7% risk of failure)
Press: ? - help, Shift-Dir - straight line The ball explodes into a vile cloud!
The stinking cloud engulfs the ice beast but does no damage.
The ice beast is lightly wounded.
The ice beast hits you. The ice beast freezes you!
* * * LOW HITPOINT WARNING * * *
Okay, then.
The ice beast completely misses you.
The ice beast looks more healthy.
There is a stone staircase leading up here.
You climb upwards.
There is a stone staircase leading down here.
You block the ice beast's attack.
Throw: 2 throwing nets
Press: ? - help, Q - select action, (/) - cycle Shift-Dir - straight line, f - ice beast
Aim: an ice beast (lightly wounded, 57% to hit)
You throw a throwing net.
The throwing net closely misses the ice beast.
The ice beast hits you. The ice beast freezes you!
* * * LOW HITPOINT WARNING * * *
You feel very mighty all of a sudden. The ice beast hits you.
* * * LOW HITPOINT WARNING * * *
The ice beast freezes you!
You die...
Your body crumbles into a pile of gold.

#.# ##.##.##.# #.# ## #.####
##.##.##.# #.# .#
#.##.######...#.##.# #.# .#
#.#...........[.##.# #.# .#
#.##.######...####.# #.## .#
#....# ##.## #.# #..#
.###############.#####.#
##.#
.......................# #.#
################@####### #.#
# ##Y###### #.# # ##.......#
#.# # ###### ##.....##.#
#####.## # #....#
##.......#.####....... #
#.##.#
#...................## #
#.##.# ##........#####.#####
#####.##.# ##.....#......(#
......##.######...##########


You could see an ice beast.

Vanquished Creatures
  Erica (D:8)
  A wyvern (D:8)
  A steam dragon (D:6)
  2 ogres
  An orc warrior (D:6)
  4 necrophages
  2 centaurs
  2 phantoms
  3 bullfrogs
  5 scorpions
  A water moccasin zombie (D:6)
  A water moccasin skeleton (D:6)
  3 wights (D:7)
  2 howler monkeys (D:7)
  A jelly (D:5)
  4 bullfrog zombies (D:6)
  2 centaur zombies
  3 hounds
  A centaur skeleton (D:5)
  2 orc priests
  3 bullfrog skeletons
  2 iguanas (D:6)
  5 orc wizards
  Jessica (D:2)
  Terence (D:3)
  2 killer bee zombies
  A hound skeleton (D:6)
  A howler monkey skeleton (D:5)
  8 gnolls
  15 adders
  2 white imps
  2 ufetubi (D:6)
  An adder zombie (D:5)
  5 dart slugs
  19 orcs
  8 bats
  5 endoplasms
  6 goblins
  7 hobgoblins
  3 jackals (D:1)
  7 kobolds
  4 quokkas
  9 ball pythons
  4 frilled lizards
  2 rats
  A butterfly (D:7)
166 creatures vanquished.

Notes
Turn   | Place    | Note
-------+----------+-------------------------------------------
     0 | D:1      | SmokeWeed the Octopode Venom Mage began the quest for the
                  | Orb.
     0 | D:1      | Reached XP level 1. HP: 11/11 MP: 3/3
   433 | D:1      | Reached XP level 2. HP: 17/17 MP: 5/5
   447 | D:1      | Learned a level 2 spell: Poisonous Vapours
   790 | D:1      | Found Coshruen's Assorted Antiques.
   912 | D:1      | Reached XP level 3. HP: 14/21 MP: 1/6
  1135 | D:1      | Reached skill level 3 in Stealth
  1345 | D:2      | Noticed Jessica
  1350 | D:2      | Killed Jessica
  1351 | D:2      | Reached XP level 4. HP: 25/27 MP: 1/7
  1566 | D:2      | Found Diuhoni's Assorted Antiques.
  1601 | D:2      | Found a runed translucent door.
  1602 | D:2      | Noticed Crazy Yiuf
  1765 | D:2      | Found a snail-covered altar of Cheibriados.
  2462 | D:3      | Reached skill level 1 in Short Blades
  2462 | D:3      | Reached skill level 1 in Air Magic
  2508 | D:3      | Reached XP level 5. HP: 30/31 MP: 2/9
  2518 | D:3      | Learned a level 3 spell: Ignite Poison
  2522 | D:3      | Learned a level 3 spell: Mephitic Cloud
  3002 | D:3      | Noticed Terence
  3010 | D:3      | Killed Terence
  3263 | D:3      | Found a faded altar of an unknown god.
  3277 | D:3      | Found a glowing silver altar of Zin.
  3492 | D:4      | Reached XP level 6. HP: 36/36 MP: 9/11
  3834 | D:4      | Reached skill level 4 in Stealth
  3884 | D:4      | You fall into a shaft and drop 1 floor!
  3884 | D:5      | Entered Level 5 of the Dungeon
  4001 | D:5      | Reached skill level 5 in Stealth
  4001 | D:5      | Reached XP level 7. HP: 41/41 MP: 13/13
  4006 | D:5      | Reached skill level 6 in Stealth
  4242 | D:5      | Reached skill level 1 in Fire Magic
  4481 | D:5      | Reached skill level 1 in Fighting
  4517 | D:5      | Found a glowing golden altar of the Shining One.
  5099 | D:4      | Found an ancient bone altar of Kikubaaqudgha.
  5320 | D:4      | Found a stormy altar of Qazlal.
  5345 | D:4      | Reached XP level 8. HP: 52/52 MP: 14/14
  6309 | D:6      | Found a transporter.
  6341 | D:6      | Reached skill level 7 in Stealth
  6405 | D:6      | Reached skill level 5 in Poison Magic
  6491 | D:6      | Noticed Grognak's ghost (novice MiCK)
  6512 | D:6      | Found a transporter.
  6515 | D:6      | Found a bloodstained altar of Trog.
  6696 | D:6      | Found a basalt altar of Yredelemnul.
  6714 | D:6      | Reached skill level 17 in Stealth
  6714 | D:6      | Reached XP level 9. HP: 45/57 MP: 16/16
  6974 | D:5      | Learned a level 4 spell: Olgreb's Toxic Radiance
  7111 | D:6      | Found a burning altar of Makhleb.
  7544 | D:6      | Reached XP level 10. HP: 53/63 MP: 17/17
  8581 | D:7      | Learned a level 2 spell: Searing Ray
  8585 | D:7      | Found a staircase to the Ecumenical Temple.
  8644 | Temple   | Entered the Ecumenical Temple
  8763 | Temple   | Became a worshipper of Gozag Ym Sagoz the Greedy
  8979 | D:7      | Reached skill level 5 in Spellcasting
  9604 | D:8      | Noticed Erica
  9611 | D:8      | Killed Erica
  9843 | D:7      | Slain by an ice beast

Illustrated notes

Levels and vault maps discovered:
D:1:      tarquinn_simple_flora_water_b, layout_loops_ring, serial_shops, shop
D:2:      layout_basic, serial_shops, shop, basic_altar,
          grunt_decor_mini_mirrors, uniq_jessica, uniq_crazy_yiuf_cottage
D:3:      layout_loops_ring, zin_scriptorium,
          hellmonk_ecumenical_altar_heavens_door, uniq_terence
D:4:      minmay_evil_eye, layout_basic, overflow_temple_1_default,
          lemuel_doored_altar
D:5:      layout_basic, tso_altar
D:6:      layout_cave_pods, nicolae_yredelemnul_corpse_copse,
          overflow_temple_1_default, makhleb_blood_cavern_becter,
          gammafunk_ghost_stat_death, serial_column_ruins, column_ruins_hut,
          column_ruins_open_small, column_ruins_grid_4, column_ruins_open_small,
          column_ruins_open_medium, column_ruins_open_tiny,
          minmay_increasing_density
D:7:      layout_loops_ring, minmay_temple_entry_butterflies,
          corexii_leaking_fountain
D:8:      layout_gridville, nicolae_vehumet_radiance, uniq_erica
Temple:   eino_wide_crystal_templ

Skill      XL: |  1  2  3  4  5  6  7  8  9 10 |
---------------+-------------------------------+-----
Poison Magic   | 4 5 |  5.5
Stealth        | 3 5 6 17 | 17.2
Short Blades   | 1 2 3 4 |  4.2
Air Magic      | 1 2 3 |  3.1
Spellcasting   | 3 4 5 |  5.4
Conjurations   | 2 |  2.4
Fire Magic     | 1 |  1.2
Fighting       | 3 |  3.8
Dodging        | 3 4 |  4.4
Transmutations | |  1.4

Action                   |  1- 3 |  4- 6 |  7- 9 | 10-12 || total
-------------------------+-------+-------+-------+-------++-------
Melee: Dagger            |    29 |    81 |   147 |   102 ||   359
       Constrict         |     8 |    19 |    16 |    21 ||    64
       Tentacles         |     3 |    15 |    33 |    17 ||    68
Throw: Throwing net      |       |       |       |     1 ||     1
 Cast: Sting             |     8 |       |       |       ||     8
       Poisonous Vapours |    13 |    26 |    14 |     4 ||    57
       Mephitic Cloud    |       |       |     1 |     4 ||     5
       Olgreb's Toxic Ra |       |       |       |     2 ||     2
       Ignite Poison     |       |       |       |     2 ||     2
       Searing Ray       |       |       |       |     2 ||     2
Evoke: Wand              |       |       |     2 |       ||     2
  Use: Scroll            |     1 |     3 |     4 |     5 ||    13
       Potion            |       |       |     5 |     1 ||     6
 Stab: Sleeping          |     7 |    17 |    16 |    12 ||    52
       Distracted        |       |     1 |       |       ||     1
       Confused          |       |       |     1 |     1 ||     2
Armor: Skin              |     2 |     2 |     3 |     1 ||     8
Dodge: Dodged            |    19 |    45 |    74 |    56 ||   194
Block: Other             |       |     1 |    24 |    23 ||    48

Table legend: (Time is in decaauts)
 A = Elapsed time spent in this place.
 B = Non-inter-level travel time spent in this place.
 C = Inter-level travel time spent in this place.
 D = Time resting spent in this place.
 E = Time spent auto-exploring this place.
 F = Levels seen in this place.
 G = Mean time per level.
                   A        B        C        D        E       F      G
               +--------+--------+--------+--------+--------+-----+--------+
         Total |   9779 |   9422 |    357 |   2075 |   5398 |   9 | 1086.6 |
       Dungeon |   9620 |   9285 |    335 |   2075 |   5337 |   8 | 1202.5 |
        Temple |    158 |    136 |     22 |      0 |     61 |   1 |  158.0 |
               +--------+--------+--------+--------+--------+-----+--------+

Top non-repeatable levels by time:
     D:4: 1823 daAuts
     D:6: 1542 daAuts
     D:1: 1328 daAuts
     D:5: 1292 daAuts
     D:7: 1267 daAuts
     D:2: 1112 daAuts
     D:3: 1042 daAuts
     D:8: 211 daAuts
  Temple: 158 daAuts
